General information
- name: BNet
- type: Ladder team game (AT/RT)
- host: Battle.net
- saver: TheGoldIsMine
map: FullScaleAssault
- players: 8
- length: 14:19
- speed: Fast
- version: 1.28 W3XP
- replay type: Public
» download(118 KB)
Players
team 1 (loser)
Lifftd (
orange | 44 APM | 609 actions | 13:58)
3 Mountain King
2 Storm Bolt
1 Bash
3 Paladin
1 Holy Light
2 Devotion Aura
» actions
| Assign group hotkey | 22 | |
| Basic commands | 13 | |
| Build / train | 49 | |
| Enter build submenu | 16 | |
| Enter hero's abilities submenu | 6 | |
| Give item / drop item | 4 | |
| Right click | 153 | |
| Select / deselect | 124 | |
| Select group hotkey | 180 | |
| Use ability | 41 | |
609 total
» units
| Peasant | 8 | |
| Gryphon Rider | 7 | |
| Knight | 4 | |
19 total
» upgrades
| Swords | 3 | |
| Animal War Training | 1 | |
| Storm Hammers | 1 | |
| Armor | 1 | |
6 total
» buildings
| Farm | 12 | |
| Altar of Kings | 1 | |
| Scout Tower | 1 | |
| Arcane Tower | 2 | |
| Keep | 5 | |
| Arcane Vault | 1 | |
| Blacksmith | 1 | |
| Barracks | 1 | |
| Lumber Mill | 1 | |
| Castle | 1 | |
| Gryphon Aviary | 2 | |
28 total
» build order
00:37 Farm
00:39 Farm
00:53 Altar of Kings
01:06 Scout Tower
01:55 Arcane Tower
02:29 Keep
02:31 Keep
02:32 Keep
02:46 Arcane Vault
03:25 Blacksmith
03:33 Farm
03:35 Farm
03:42 Farm
03:45 Farm
03:53 Barracks
04:36 Lumber Mill
05:04 Castle
06:16 Gryphon Aviary
06:40 Gryphon Aviary
07:46 Farm
07:49 Farm
09:00 Farm
» items
| Scroll of Regeneration | 1 | |
| Lesser Clarity Potion | 1 | |
| Staff of Sanctuary | 1 | |
| Potion of Healing | 2 | |
| Orb of Fire | 1 | |
| Scroll of Town Portal | 1 | |
7 total
saggiN (
yellow | 42 APM | 596 actions | 14:02)
4 Dreadlord
2 Vampiric Aura
2 Carrion Swarm
2 Dark Ranger
1 Black Arrow
1 Silence
» actions
| Assign group hotkey | 12 | |
| Basic commands | 42 | |
| Build / train | 40 | |
| Enter build submenu | 15 | |
| Enter hero's abilities submenu | 6 | |
| Give item / drop item | 1 | |
| Right click | 169 | |
| Select / deselect | 121 | |
| Select group hotkey | 169 | |
| Use ability | 21 | |
596 total
» units
| Acolyte | 11 | |
| Ghoul | 1 | |
| Crypt Fiend | 6 | |
| Goblin Shredder | 1 | |
19 total
» upgrades
» buildings
| Ziggurat | 6 | |
| Crypt | 2 | |
| Altar of Darkness | 1 | |
| Graveyard | 1 | |
| Tomb of Relics | 1 | |
| Halls of the Dead | 1 | |
| Spirit Tower | 4 | |
| Black Citadel | 1 | |
| Sacrificial Pit | 1 | |
18 total
» build order
00:06 Ziggurat
00:12 Crypt
00:16 Altar of Darkness
00:48 Graveyard
01:33 Ziggurat
02:00 Tomb of Relics
02:13 Crypt
03:23 Ziggurat
05:09 Halls of the Dead
09:11 Ziggurat
09:51 Spirit Tower
10:00 Spirit Tower
10:03 Ziggurat
10:10 Black Citadel
10:35 Ziggurat
10:41 Sacrificial Pit
10:56 Spirit Tower
11:12 Spirit Tower
» items
| Dust of Appearance | 1 | |
| Rod of Necromancy | 1 | |
| Potion of Healing | 1 | |
| Scroll of Town Portal | 1 | |
4 total
TheGoldIsMine (
red | 17 APM | 239 actions | 14:19)
» actions
| Basic commands | 7 | |
| Build / train | 21 | |
| Enter build submenu | 19 | |
| Right click | 48 | |
| Select / deselect | 117 | |
| Use ability | 27 | |
239 total
» units
» upgrades
| Lumber Harvesting | 1 | |
| Masonry | 3 | |
4 total
» buildings
| Keep | 1 | |
| Lumber Mill | 1 | |
| Scout Tower | 19 | |
| Arcane Tower | 1 | |
| Guard Tower | 4 | |
| Altar of Kings | 1 | |
| Castle | 1 | |
| Farm | 1 | |
29 total
» build order
01:54 Keep
02:11 Lumber Mill
02:20 Scout Tower
02:23 Scout Tower
02:25 Scout Tower
02:30 Scout Tower
02:34 Scout Tower
04:24 Arcane Tower
04:25 Guard Tower
05:28 Scout Tower
05:30 Scout Tower
05:32 Scout Tower
05:35 Scout Tower
06:02 Guard Tower
06:05 Guard Tower
06:35 Altar of Kings
07:42 Castle
09:19 Farm
12:07 Scout Tower
12:07 Scout Tower
12:08 Scout Tower
12:10 Scout Tower
12:11 Scout Tower
12:15 Scout Tower
12:16 Scout Tower
12:17 Scout Tower
12:18 Scout Tower
12:21 Scout Tower
13:55 Guard Tower
TYLER.DURDEN (
purple | 23 APM | 323 actions | 14:19)
2 Death Knight
1 Death Coil
1 Unholy Aura
» actions
| Basic commands | 4 | |
| Build / train | 19 | |
| Enter build submenu | 7 | |
| Enter hero's abilities submenu | 2 | |
| Give item / drop item | 1 | |
| Right click | 152 | |
| Select / deselect | 109 | |
| Use ability | 29 | |
323 total
» units
| Acolyte | 2 | |
| Ghoul | 2 | |
| Crypt Fiend | 8 | |
12 total
» upgrades
| Creature Attack | 1 | |
| Creature Carapace | 1 | |
2 total
» buildings
| Crypt | 1 | |
| Ziggurat | 3 | |
| Graveyard | 1 | |
| Altar of Darkness | 1 | |
| Tomb of Relics | 1 | |
| Halls of the Dead | 1 | |
8 total
» build order
00:11 Crypt
00:16 Ziggurat
00:25 Graveyard
00:54 Altar of Darkness
01:31 Ziggurat
01:36 Tomb of Relics
03:08 Ziggurat
05:23 Halls of the Dead
» items
team 2 (winner)

»
Hi2u (
green | 93 APM | 1328 actions | 14:19)
4 Paladin
2 Holy Light
1 Divine Shield
1 Devotion Aura
6 Mountain King
3 Storm Bolt
3 Bash
» actions
| Assign group hotkey | 40 | |
| Basic commands | 36 | |
| Build / train | 93 | |
| Enter build submenu | 35 | |
| Enter hero's abilities submenu | 12 | |
| Give item / drop item | 3 | |
| Right click | 413 | |
| Select / deselect | 356 | |
| Select group hotkey | 264 | |
| Use ability | 75 | |
1328 total
» units
| Peasant | 17 | |
| Footman | 15 | |
| Knight | 9 | |
| Gryphon Rider | 7 | |
48 total
» upgrades
| Defend | 1 | |
| Swords | 4 | |
| Plating | 1 | |
| Lumber Harvesting | 4 | |
| Animal War Training | 1 | |
| Armor | 1 | |
| Storm Hammers | 1 | |
13 total
» buildings
| Altar of Kings | 1 | |
| Farm | 19 | |
| Barracks | 2 | |
| Lumber Mill | 2 | |
| Town Hall | 1 | |
| Keep | 2 | |
| Blacksmith | 2 | |
| Arcane Vault | 2 | |
| Castle | 2 | |
| Gryphon Aviary | 3 | |
36 total
» build order
00:07 Altar of Kings
00:16 Farm
00:23 Barracks
01:04 Farm
01:36 Lumber Mill
02:32 Farm
02:44 Farm
03:10 Town Hall
03:53 Keep
03:56 Farm
04:24 Lumber Mill
04:27 Barracks
04:56 Keep
05:10 Farm
05:12 Blacksmith
05:15 Arcane Vault
05:25 Farm
06:02 Blacksmith
06:08 Farm
06:48 Arcane Vault
06:50 Castle
06:59 Farm
07:22 Castle
07:27 Gryphon Aviary
07:27 Gryphon Aviary
07:32 Gryphon Aviary
07:54 Farm
08:02 Farm
08:03 Farm
08:54 Farm
08:55 Farm
09:57 Farm
12:36 Farm
12:37 Farm
12:40 Farm
12:41 Farm
» items
| Scroll of Regeneration | 3 | |
| Potion of Mana | 1 | |
| Potion of Healing | 2 | |
| Periapt of Vitality | 1 | |
| Scroll of Healing | 2 | |
| Scroll of Protection | 1 | |
| Scroll of Town Portal | 2 | |
| Orb of Fire | 1 | |
13 total
sunshine27 (
teal | 17 APM | 29 actions | 01:42)
» actions
| Build / train | 6 | |
| Enter build submenu | 4 | |
| Right click | 5 | |
| Select / deselect | 8 | |
| Use ability | 6 | |
29 total
» units
» buildings
| Farm | 2 | |
| Altar of Kings | 1 | |
| Barracks | 1 | |
4 total
» build order
00:04 Farm
00:06 Altar of Kings
01:13 Barracks
01:36 Farm
Bish_iM_Ra (
blue | 56 APM | 803 actions | 14:19)
3 Blademaster
2 Wind Walk
1 Critical Strike
2 Shadow Hunter
1 Hex
1 Serpent Ward
» actions
| Assign group hotkey | 9 | |
| Basic commands | 50 | |
| Build / train | 40 | |
| ESC pressed | 2 | |
| Enter build submenu | 11 | |
| Enter hero's abilities submenu | 6 | |
| Give item / drop item | 3 | |
| Right click | 333 | |
| Select / deselect | 211 | |
| Select group hotkey | 83 | |
| Use ability | 55 | |
803 total
» units
| Peon | 7 | |
| Grunt | 2 | |
| Troll Batrider | 11 | |
20 total
» upgrades
| Spiked Barricades | 2 | |
| Ranged Weapons | 2 | |
| Liquid Fire | 1 | |
5 total
» buildings
| Altar of Storms | 1 | |
| Orc Burrow | 5 | |
| Barracks | 1 | |
| War Mill | 1 | |
| Stronghold | 1 | |
| Fortress | 1 | |
| Beastiary | 2 | |
| Voodoo Lounge | 1 | |
13 total
» build order
00:10 Altar of Storms
00:12 Orc Burrow
00:52 Barracks
01:33 Orc Burrow
02:09 War Mill
03:23 Stronghold
06:35 Fortress
06:39 Beastiary
06:41 Beastiary
07:38 Orc Burrow
07:43 Orc Burrow
08:27 Voodoo Lounge
09:24 Orc Burrow
» items
| Circlet of Nobility | 1 | |
| Boots of Speed | 1 | |
| Staff of Teleportation | 1 | |
| Orb of Lightning | 1 | |
| Scroll of Speed | 1 | |
| Healing Salve | 1 | |
6 total

»
knamoshaj (
pink | 63 APM | 905 actions | 14:19)
4 Death Knight
2 Death Coil
2 Unholy Aura
2 Lich
1 Frost Nova
1 Frost Armor
» actions
| Assign group hotkey | 20 | |
| Basic commands | 185 | |
| Build / train | 35 | |
| Enter build submenu | 16 | |
| Enter hero's abilities submenu | 6 | |
| Give item / drop item | 2 | |
| Right click | 233 | |
| Select / deselect | 132 | |
| Select group hotkey | 251 | |
| Use ability | 25 | |
905 total
» units
| Acolyte | 2 | |
| Ghoul | 3 | |
| Crypt Fiend | 5 | |
| Frost Wyrm | 3 | |
13 total
» upgrades
| Creature Attack | 3 | |
| Web | 1 | |
| Freezing Breath | 1 | |
| Creature Carapace | 1 | |
6 total
» buildings
| Crypt | 1 | |
| Altar of Darkness | 1 | |
| Ziggurat | 7 | |
| Tomb of Relics | 1 | |
| Graveyard | 1 | |
| Halls of the Dead | 1 | |
| Sacrificial Pit | 1 | |
| Black Citadel | 2 | |
| Boneyard | 2 | |
| Nerubian Tower | 1 | |
| Spirit Tower | 1 | |
19 total
» build order
00:42 Crypt
00:46 Altar of Darkness
00:53 Ziggurat
00:56 Ziggurat
01:17 Tomb of Relics
01:34 Graveyard
02:39 Ziggurat
03:48 Halls of the Dead
06:16 Sacrificial Pit
06:19 Black Citadel
06:20 Black Citadel
07:33 Ziggurat
07:34 Ziggurat
08:42 Boneyard
08:49 Boneyard
11:45 Ziggurat
12:18 Ziggurat
12:21 Nerubian Tower
12:22 Spirit Tower
» items
| Rod of Necromancy | 2 | |
| Potion of Healing | 1 | |
3 total
Chat log
(00:13 / Allies) TYLER.DURDEN: ty
(00:19 / Allies) saggiN: ty
(01:08 / All) saggiN: summoning is complete
(01:20 / All) TYLER.DURDEN: summon deez nutz
(01:42 / Allies) Lifftd: ASD
(01:43 / All) Lifftd: 2006 tactics in effect
(01:44 / All) Hi2u: shitty 3rd world country
(01:46 / All) Lifftd: success
(01:55 / All) Hi2u: lol wtf.
(01:55 / All) knamoshaj: hUH
(02:00 / All) Lifftd: oh no
(02:11 / All) knamoshaj: lol chill on the typing you might not drop
(02:15 / All) Lifftd: wc3 lag faeries are attacking me
(02:38 / All) saggiN: what mortal
(02:44 / All) saggiN: greetingd
(02:54 / All) saggiN: i must hunt soon
(02:55 / All) Lifftd: my porn is lagging
(02:57 / All) Lifftd: wtf
(03:12 / All) Lifftd: i cant play wc3 without porn in the backround
(05:55 / Allies) TheGoldIsMine: blue mhs
(06:00 / Allies) TYLER.DURDEN: gg
(06:31 / Allies) saggiN: micro purp
(06:37 / Allies) TYLER.DURDEN: fuku
(07:06 / Allies) TYLER.DURDEN: im not putin up with bossy team mates after blue fuks me
(07:19 / Allies) TheGoldIsMine: Suck it up and keep playing, pus
(07:41 / Allies) TheGoldIsMine: We got a job to do here, MOVE YOUR LAZY BONES
(07:52 / Allies) TheGoldIsMine: GET BACK TO WORK
(08:02 / Allies) TheGoldIsMine: DROP DOWN AND GIVE ME 20!
(08:22 / Allies) TheGoldIsMine: GIVE ME YOUR RESOURCES, RIGHT NO!
(08:25 / Allies) TheGoldIsMine: RIGHT NOW YOU PUNK
(09:00 / Allies) TheGoldIsMine: did you have a hurt hero yellow?
(09:04 / All) knamoshaj: d?
(09:13 / Allies) TheGoldIsMine: did you have a very hurt hero yellow? if so blue def mhs
(09:26 / Allies) saggiN: yes i did
(09:40 / Allies) saggiN: take that red
(09:41 / Allies) TheGoldIsMine: good idea, feed the hacker that picked you off lol
(09:49 / Allies) TheGoldIsMine: that'll show us all
(11:00 / Allies) TheGoldIsMine: tp and own that orange
(11:03 / Allies) TheGoldIsMine: you'll get hella levels
(12:02 / Allies) saggiN: coming
(12:08 / Allies) Lifftd: my back hurts
(12:10 / Allies) TYLER.DURDEN: red no units
(12:13 / Allies) TYLER.DURDEN: woqw
(12:18 / Allies) TYLER.DURDEN: and im a pussy
(12:19 / Allies) TYLER.DURDEN: lol
(12:25 / Allies) Lifftd: u are a pussy
(12:34 / Allies) TheGoldIsMine: why are you still here, pussbag?
(12:40 / Allies) TheGoldIsMine: Don't you have a tampon to change?
(12:41 / Allies) TYLER.DURDEN: watch u die
(12:49 / Allies) Lifftd: watch me win?
(12:51 / Allies) TYLER.DURDEN: its in ur dads ass
(12:56 / Allies) TheGoldIsMine: You're getting cunt blood all over your computer seat
(13:47 / All) TheGoldIsMine: BAT HACKER, DA DAD DA DA BAT HACKER
(14:17 / All) TheGoldIsMine: GG purple has to clean up his cunt blood, and change a tampon